Map: Disco Bloodbath LE

Players

GOReynor (Reynor) - Winner!

  • Race: Zerg Zerg
  • League: Master
  • Spawn Location: 9:00

SortOf

  • Race: Zerg Zerg
  • League: Master
  • Spawn Location: 3:00

Event: HomeStory Cup XX

VOD

Have the link to the VOD?

Description

Time

  • Played on: Nov. 21, 2019, 2:12 p.m.
  • Length: 9:07

All games in this series

Show
View Real Time Build Order
Export as new Build Order

GOReynor Zerg - Winner!

Build Orders: Hatch First 

Get SALT Encoding   

  12  0:01  Drone  
  13  0:12  Overlord  
  13  0:16  Drone  
  14  0:30  Drone x2  
  16  0:47  Hatchery  
  15  0:51  Drone  
  15  0:54  Drone  
  17  0:58  Drone  
  18  1:08  Extractor  
  17  1:13  Spawning Pool  
  17  1:16  Drone  
  17  1:19  Drone  
  18  1:27  Drone  
  19  1:38  Drone  
  20  1:48  Overlord  
  20  1:59  Queen x2  
  20  2:00  Zergling x4  
  26  2:10  Drone x2  
  26  2:12  Metabolic Boost  
  28  2:20  Drone  
  28  2:21  Drone  
  30  2:33  Hatchery  
  30  2:35  Drone  
  30  2:38  Drone  
  30  2:41  Drone  
  30  2:43  Drone  
  33  2:53  Overlord  
  33  2:54  Drone  
  33  3:10  Zergling x4  
  33  3:11  Zergling x8  
  39  3:13  Drone x2  
  39  3:16  Roach Warren  
  40  3:20  Queen  
  40  3:25  Overlord  
  42  3:30  Drone  
  42  3:31  Drone  
  44  3:39  Overlord  
  44  3:48  Drone x7  
  51  3:52  Overlord  
  58  4:02  Roach  
  58  4:03  Roach x3  
  58  4:09  Roach x2  
  57  4:15  Roach  
  60  4:17  Roach  
  60  4:20  Roach  
  60  4:24  Extractor  
  63  4:25  Extractor, Roach  
  63  4:26  Roach  
  63  4:27  Overlord  
  63  4:30  Zergling x4  
  66  4:36  Roach  
  66  4:39  Drone x2  
  66  4:42  Roach  
  66  4:43  Overlord  
  70  4:47  Drone x3  
  70  4:50  Roach  
  75  4:54  Drone  
  75  4:55  Drone x3  
  79  5:01  Overlord  
  79  5:06  Drone x4  
  83  5:12  Evolution Chamber  
  82  5:14  Overlord  
  82  5:18  Zergling x4  
  84  5:23  Zergling x2  
  84  5:25  Zergling x2  
  84  5:26  Zergling x4  
  84  5:27  Overlord  
  88  5:28  Drone x2  
  88  5:33  Lair  
  88  5:34  Drone  
  91  5:36  Drone  
  91  5:39  Drone  
  91  5:40  Zerg Missile Weapons Level 1  
  91  5:41  Drone  
  94  5:44  Overlord  
  94  5:46  Drone  
  94  5:47  Drone  
  96  5:50  Overlord  
  96  5:55  Roach x2  
  100  6:01  Extractor, Roach x2  
  100  6:02  Roach  
  104  6:05  Roach x2  
  104  6:06  Roach  
  107  6:12  Zergling x2, Roach x3  
  107  6:13  Ravager  
  107  6:16  Roach x2  
  116  6:19  Ravager x2  
  116  6:21  Ravager  
  116  6:22  Zergling x2  
  108  6:25  Roach x2  
  108  6:31  Zergling x4, Roach x2  
  109  6:34  Overlord  
  109  6:37  Glial Reconstitution  
  108  6:43  Roach x2  
  109  6:49  Overlord  
  109  6:50  Roach  
  109  6:51  Roach x2  
  109  6:54  Roach  
  115  6:58  Roach  
  115  6:59  Roach x2  
  120  7:02  Overlord  
  120  7:05  Roach x2  
  124  7:10  Queen, Roach x2  
  124  7:11  Queen  
  131  7:19  Queen  
  133  7:24  Nydus Network  
  133  7:26  Zergling x14  
  133  7:27  Zergling x2  
  140  7:30  Overlord  
  140  7:35  Roach  
  140  7:36  Roach x2  
  145  7:40  Overseer  
  145  7:42  Roach x2  
  145  7:43  Zergling x2  
  150  7:46  Queen  
  150  7:50  Queen  
  152  7:57  Queen  
  150  8:04  Nydus Canal  
  130  8:14  Drone x10  
  136  8:21  Nydus Canal  
  136  8:22  Queen  
  136  8:25  Roach x4  
  146  8:30  Roach x3  
  152  8:38  Roach x2  
  152  8:39  Nydus Canal  
  156  8:42  Roach x2  
  156  8:43  Roach  
  156  8:47  Roach  
  162  8:48  Roach  
  150  9:07  Spore Crawler  
Show
View Real Time Build Order
Export as new Build Order

SortOf Zerg 

Build Orders: Hatch First 

Get SALT Encoding   

  12  0:00  Drone  
  13  0:12  Overlord  
  13  0:17  Drone  
  14  0:30  Drone  
  14  0:31  Drone  
  16  0:48  Hatchery  
  15  0:51  Drone  
  15  0:55  Drone  
  17  0:58  Drone  
  18  1:09  Extractor  
  17  1:14  Spawning Pool  
  17  1:16  Drone  
  17  1:19  Drone  
  18  1:29  Drone  
  19  1:39  Drone  
  20  1:49  Drone  
  21  2:00  Queen x2  
  25  2:01  Overlord  
  25  2:05  Drone  
  25  2:08  Metabolic Boost  
  26  2:12  Drone x2  
  28  2:21  Zergling x2  
  28  2:22  Zergling x2  
  30  2:32  Hatchery  
  30  2:35  Drone  
  30  2:38  Drone  
  30  2:42  Baneling Nest  
  30  2:45  Drone  
  31  2:53  Drone  
  31  2:57  Zergling x2  
  33  2:58  Overlord  
  33  3:05  Drone x2  
  34  3:10  Drone x2  
  36  3:14  Evolution Chamber  
  36  3:16  Drone  
  36  3:17  Drone x2  
  36  3:18  Drone  
  39  3:26  Queen  
  41  3:28  Overlord  
  41  3:31  Zergling x2  
  41  3:32  Drone  
  43  3:37  Drone  
  44  3:44  Zergling x4  
  44  3:45  Baneling  
  44  3:46  Zergling x8  
  48  3:52  Zergling x4  
  48  3:55  Extractor  
  49  3:59  Zergling x6  
  52  4:03  Zerg Melee Weapons Level 1  
  52  4:07  Drone  
  53  4:14  Overlord  
  53  4:20  Overlord  
  53  4:25  Hatchery, Baneling x2  
  49  4:43  Drone  
  49  4:44  Drone x2  
  52  4:46  Lair  
  52  4:47  Overlord  
  52  4:49  Zergling x14  
  59  4:59  Overlord  
  59  5:03  Drone  
  60  5:10  Overlord  
  60  5:11  Zergling x2  
  60  5:14  Zergling x4  
  60  5:15  Zergling x2  
  60  5:19  Zergling x8  
  60  5:20  Zergling x2  
  67  5:24  Zergling x2  
  68  5:32  Zergling x2  
  68  5:35  Overlord  
  69  5:38  Zergling x2  
  69  5:40  Queen  
  69  5:41  Overlord  
  71  5:45  Spire  
  71  5:46  Zergling x2  
  71  5:49  Zergling x14  
  78  5:54  Baneling  
  78  5:55  Zergling x2  
  79  6:02  Zergling x4  
  81  6:09  Zergling x4  
  81  6:12  Zergling x6  
  81  6:16  Zergling x2  
  81  6:18  Zergling x2  
  72  6:21  Zergling x2  
  72  6:22  Zergling x2  
  72  6:24  Zergling x2  
  72  6:25  Zergling x8  
  69  6:31  Extractor  
  62  6:35  Queen, Drone x3  
  66  6:46  Drone  
  66  6:49  Drone x3  
  69  6:59  Mutalisk x3  
  75  7:02  Extractor  
  75  7:03  Zerg Flyer Weapons Level 1  
  75  7:04  Drone x6  
  75  7:06  Drone  
  75  7:08  Overlord  
  78  7:09  Drone x2  
  79  7:19  Mutalisk x2  
  83  7:23  Zergling x4  
  83  7:27  Mutalisk  
  83  7:29  Extractor  
  86  7:30  Extractor  
  86  7:31  Zergling x10  
  90  7:37  Mutalisk  
  90  7:38  Overseer  
  90  7:41  Drone x3  
  95  7:50  Mutalisk  
  93  8:00  Mutalisk  
  93  8:01  Zergling x18  
  88  8:06  Mutalisk  
  88  8:08  Zergling x6  
  89  8:17  Mutalisk  
  91  8:22  Overseer  
  91  8:23  Zergling x4  
  93  8:29  Mutalisk  
  93  8:32  Zergling x2  
  93  8:33  Zergling x2  
  76  8:49  Zergling x14  
Tags
 
Add a new tag
Caveats
  • Supply blocks, unpowered buildings, or Contaminate may cause inaccurate times.
  • Supply counts are checked every 10 seconds.